 Dungeon Crawl Stone Soup version 0.31-a0-826-ga5cc291a1b (webtiles) character file.

Game seed: 8325884412531326563

166 qw the Shooter (level 5, 0/32 HPs)
             Began as a Gargoyle Hunter on Sept 23, 2023.
             Slain by an orc
             ... wielding a +0 club
              (2 damage)
             ... on level 4 of the Dungeon.
             The game lasted 00:00:52 (2267 turns).

qw the Shooter (Gargoyle Hunter)                    Turns: 2267, Time: 00:00:53

Health: 0/32       AC:  9    Str: 14    XL:     5   Next: 47%
Magic:  5/5        EV: 11    Int: 10    God:
Gold:   130        SH:  0    Dex: 15    Spells: 4/4 levels left

rFire   + . .        Y - +0 shortbow
rCold   . . .        (shield currently unavailable)
rNeg    + . .        d - +0 ring mail {rF+}
rPois   inf          (no helmet)
rElec   +            (no cloak)
rCorr   .            (no gloves)
SInv    .            (no boots)
Will    .....        (no amulet)
Stlth   +            (no ring)
HPRegen 0.25/turn    (no ring)
MPRegen 0.09/turn

%: no passive effects
@: no status effects
A: sickness immunity, AC +4, negative energy resistance 1, electricity
resistance, torment resistance 1, petrification resistance
a: no special abilities


You were on level 4 of the Dungeon.
You visited 1 branch of the dungeon, and saw 4 of its levels.

You collected 130 gold pieces.


Innate Abilities, Weirdness & Mutations

You are immune to sickness and miasma.
Your stone body is resilient. (AC +4)
You are immune to poison.
You resist negative energy. (rN+)
You are resistant to electric shocks. (rElec)
You are resistant to unholy torment.
You are immune to petrification.


   Skills:
 + Level 3.0 Fighting
 - Level 6.0 Ranged Weapons
 - Level 1.4 Armour
 - Level 1.5 Dodging
 - Level 1.1 Stealth


You had 4 spell levels left.
You didn't know any spells.
Your spell library was empty.

Inventory:

Hand Weapons
 Y - a +0 shortbow (weapon)
Armour
 d - a +0 ring mail of fire resistance (worn)
Scrolls
 c - a scroll of enchant armour
Potions
 a - a potion of heal wounds
 b - a potion of cancellation {unknown}
 e - a potion of ambrosia {unknown}
 f - a potion of might {unknown}
 i - a potion of resistance {unknown}
 j - a potion of degeneration {unknown}
 k - a potion of curing

Dungeon Overview and Level Annotations

Branches:
Dungeon (4/15)
 Temple: D:4-7

Altars:
Elyvilon


Message History

You shoot an arrow. The arrow barely misses the iguana.
An orc comes into view. It is wielding a +0 club.
The iguana barely misses you. The orc barely misses you.
You shoot an arrow. The orc shouts!
The arrow hits the iguana but does no damage.
The iguana is moderately wounded.
The iguana completely misses you. The orc hits you with a +0 club.
The iguana hisses menacingly.
The iguana bites you. The orc completely misses you.
You shoot an arrow. The arrow barely misses the iguana.
The iguana misses you. The orc hits you but does no damage.
The endoplasm freezes you.
You are frozen.
You shoot an arrow.
The arrow hits the iguana but does no damage.
The iguana is moderately wounded.
The iguana closely misses you. The endoplasm hits you.
The orc hits you but does no damage.
You shoot an arrow.
The arrow hits the iguana but does no damage.
The iguana is lightly wounded.
The iguana barely misses you.
The endoplasm hits you but does no damage.
You shoot an arrow. The arrow hits the iguana.
The iguana is moderately wounded.
The iguana bites you. The orc closely misses you. The endoplasm freezes you.
You are frozen.
You shoot an arrow. The arrow hits the iguana.
The iguana is moderately wounded.
The orc barely misses you. The iguana closely misses you.
The orc barely misses you.
The endoplasm hits you but does no damage.
The orc hits you with a +0 club. The endoplasm barely misses you.
The iguana barely misses you. The orc hits you but does no damage.
You shoot an arrow. The arrow barely misses the iguana.
The orc hits you with a +0 club. The iguana bites you!
The orc hits you with a +0 club.
You die...

# ####### #
#####.....######
####..#......#....###
.##.#...............#.#.
....#.........##@o......
......#.......#Jlo......
................#!......
##.###..........##.##...
##...#...........#.# ..
...#................ .
..##.................
................ ..#
..#......#.#


You could see an iguana, 2 orcs and an endoplasm.

Vanquished Creatures
  A hound (D:4)
  Natasha (D:4)
  5 adders
  2 worms (D:2)
  A dart slug (D:3)
  An orc (D:3)
  8 ball pythons
  6 endoplasms
  3 goblins
  4 hobgoblins
  4 quokkas
  9 bats
  4 frilled lizards
  8 kobolds
  8 rats
65 creatures vanquished.

Notes
Turn   | Place    | Note
-------+----------+-------------------------------------------
     0 | D:1      | qw the Gargoyle Hunter began the quest for the Orb.
     0 | D:1      | Reached XP level 1. HP: 12/12 MP: 1/1
     0 | D:1      | 0 ||| qw: Version: 0.3-a-83-gcd0e7d8
     0 | D:1      | 0 ||| qw: Game counter: 1856
     0 | D:1      | 0 ||| qw: Melee chars always use a shield: true
     0 | D:1      | 0 ||| qw: God list: Okawaru
     0 | D:1      | 0 ||| qw: Allow faded altars: false
     0 | D:1      | 0 ||| qw: Do Orc after clearing Dungeon:15 true
     0 | D:1      | 0 ||| qw: Do second Lair branch before Depths: true
     0 | D:1      | 0 ||| qw: Lair rune preference: random
     0 | D:1      | 0 ||| qw: Goals: Normal
     0 | D:1      | 0 ||| PLANNING D:1-11
   261 | D:1      | Reached XP level 2. HP: 17/17 MP: 2/2
   875 | D:1      | 875 ||| UPGRADING to +0 ring mail of fire resistance.
   885 | D:1      | 885 ||| DROPPING +0 leather armour.
   886 | D:1      | 886 ||| READING scroll labelled UZIAXEAVOR.
   887 | D:1      | 887 ||| DROPPING scroll of butterflies.
   957 | D:2      | Reached skill level 1 in Armour
   957 | D:2      | Reached XP level 3. HP: 21/21 MP: 3/3
  1019 | D:2      | Found a white marble altar of Elyvilon.
  1158 | D:2      | Reached skill level 5 in Ranged Weapons
  1400 | D:2      | 1400 ||| DRINKING 2 ruby potions.
  1502 | D:3      | Reached XP level 4. HP: 27/27 MP: 4/4
  1722 | D:3      | Reached skill level 3 in Fighting
  2122 | D:3      | 2122 ||| DROPPING ring of wizardry.
  2123 | D:3      | 2123 ||| READING scroll labelled LABAVO GUL HYD.
  2124 | D:3      | 2124 ||| READING 2 scrolls labelled CALEYT PEROCH.
  2125 | D:3      | 2125 ||| READING scroll labelled BIURYMOCVE.
  2126 | D:3      | 2126 ||| DRINKING 2 silvery potions.
  2127 | D:3      | 2127 ||| DROPPING scroll of fog.
  2184 | D:4      | Noticed Natasha
  2194 | D:4      | Killed Natasha
  2195 | D:4      | Reached XP level 5. HP: 27/32 MP: 5/5
  2255 | D:4      | Reached skill level 6 in Ranged Weapons
  2267 | D:4      | HP: 2/32 [iguana (7)]
  2267 | D:4      | Slain by an orc

Levels and vault maps discovered:
D:1:      mushboom_english_gardens, layout_basic
D:2:      layout_basic, basic_altar
D:3:      kb_forest_paths, layout_loops_ring, minmay_misc_feat_pillars
D:4:      layout_cave_pools, uniq_natasha, uniq_menkaure

Skill      XL: |  1  2  3  4  5 |
---------------+----------------+-----
Armour         | 1 |  1.4
Ranged Weapons | 5 6 |  6.0
Fighting       | 3 |  3.0
Dodging        | |  1.5
Stealth        | |  1.1

Action                     |  1- 3 |  4- 6 || total
---------------------------+-------+-------++-------
   Fire: Shortbow          |    93 |   111 ||   204
    Use: Scroll            |     1 |     3 ||     4
         Potion            |     1 |     1 ||     2
 Armour: Leather armour    |     3 |       ||     3
         Ring mail         |    12 |    49 ||    61
  Dodge: Dodged            |    25 |    49 ||    74

Table legend:
 A = Non-vault XP
 B = Vault XP
 C = Vault XP percentage of total XP
 D = Non-vault monster count
 E = Vault monster count
 F = Vault count percentage of total count
                 A         B        C        D         E       F
            +---------+---------+-------+---------+---------+-------
      Total |     183 |      55 |  23.1 |      58 |       7 |  10.8
            +---------+---------+-------+---------+---------+-------
        D:1 |      24 |       0 |   0.0 |      16 |       0 |   0.0
        D:2 |      54 |       0 |   0.0 |      15 |       0 |   0.0
        D:3 |      59 |      19 |  24.4 |      23 |       6 |  20.7
        D:4 |      46 |      36 |  43.9 |       4 |       1 |  20.0
            +---------+---------+-------+---------+---------+-------
